 Dungeon Crawl Stone Soup version 0.30-a0-847-g17996783a1 (webtiles) character file.

Game seed: 3756943784610996542

179 cforsyth the Sneak (level 5, -2/48 HPs)
             Began as a Kobold Brigand on Mar 4, 2023.
             Slain by a kobold brigand
             ... wielding a +0 short sword
              (3 damage)
             ... in a sewer.
             The game lasted 00:03:22 (2237 turns).

cforsyth the Sneak (Kobold Brigand)                 Turns: 2237, Time: 00:03:23

Health: -2/48      AC: 22    Str:  9    XL:     5   Next: 90%
Magic:  5/5        EV:  3    Int: 12    God:
Gold:   87         SH:  0    Dex: 18    Spells: 4/4 levels left

rFire   + . .      SeeInvis .    a - +2 dagger
rCold   + . .      Faith    .    (no shield)
rNeg    . . .      Spirit   .    b - melded +0 robe
rPois   +          Reflect  .    (helmet currently unavailable)
rElec   +          Rampage  .    c - melded +1 cloak
rCorr   +          Clarity  +    (gloves currently unavailable)
Will    .....      NoTele   +    (boots currently unavailable)
Stlth   +++++                    (no amulet)
HPRegen 0.28/turn                (no ring)
MPRegen 0.09/turn                (no ring)

@: brilliant, tree-form, resistant, attractive, hasted, very quick
A: stationary, stasis, torment immunity, boosted hp, small, no large weapons,
nightstalker 3, clarity, evolution 1, (sturdy frame 1)
a: no special abilities


You were in a sewer.
You were a tree.
You visited 1 branch of the dungeon, and saw 3 of its levels.
You also visited: Sewer.

You collected 87 gold pieces.

Inventory:

Hand Weapons
 a - a +2 dagger (weapon)
Missiles
 d - 13 poisoned darts (quivered)
 e - 3 curare-tipped darts
 o - 4 atropa-tipped darts
Armour
 b - a +0 robe (melded)
 c - a +1 cloak (melded)
Scrolls
 l - a scroll of fog
Potions
 k - a potion of lignification


   Skills:
 + Level 3.5 Fighting
 + Level 4.3 Short Blades
 - Level 2.1 Throwing
 + Level 3.2 Dodging
 + Level 6.5 Stealth


You had 4 spell levels left.
You didn't know any spells.
Your spell library contained the following spells:

 Spells                   Type           Power      Damage    Failure   Level
 Lesser Beckoning         Tloc           0%         N/A       45%         2
 Gell's Gravitas          Tloc           0%         N/A       69%         3
 Teleport Other           Tloc           0%         N/A       69%         3


Dungeon Overview and Level Annotations

Branches:
Dungeon (3/15)              Sewer (1/1)

Altars:

Shops:
D:3 (


Innate Abilities, Weirdness & Mutations

You are a tree.
Your roots penetrate the ground, keeping you stationary.
You cannot be teleported.
You are immune to unholy pain and torment.
Your maximum health is greatly increased.
Your equipment is partially melded.
You are small and have problems with some larger weapons.
You are completely attuned to the shadows.
You possess an exceptional clarity of mind.
You have hidden genetic potential.
((Your movements are slightly less encumbered by armour. (ER -2)))


Message History

You hear a splash. x2
The jackal barely misses you.
The kobold brigand hits you but does no damage.
The kobold hits you but does no damage.
Your Dodging skill increases to level 3!
You hit the kobold brigand.
The kobold brigand is lightly wounded.
The kobold hits you but does no damage.
The jackal bites you but does no damage.
You barely miss the kobold brigand.
The kobold brigand is lightly wounded.
The kobold brigand completely misses you.
The kobold hits you but does no damage.
The jackal bites you but does no damage.
You closely miss the kobold brigand.
The kobold brigand is lightly wounded.
The kobold hits you but does no damage.
The kobold brigand hits you with a +0 short sword.
* * * LOW HITPOINT WARNING * * *
You hit the jackal.
The jackal is heavily wounded.
The jackal bites you but does no damage.
The kobold hits you but does no damage. x2
You hit the jackal.
You kill the jackal!
The kobold brigand hits you but does no damage.
You hit the kobold.
The kobold is heavily wounded.
The kobold hits you but does no damage. x2
You hit the kobold.
You kill the kobold!
You hear a splash.
The kobold brigand hits you with a +0 short sword.
* * * LOW HITPOINT WARNING * * *
You hit the kobold.
You kill the kobold!
You hit the kobold brigand.
The kobold brigand is moderately wounded.
The kobold brigand hits you with a +0 short sword.
You die...

.~≈~.~###############
.~≈~~~~~~~~~~~~~~~~~~
~~≈~.~###############
~~≈~~~# ~~≈~~.#
~≈≈≈~~# ~≈≈≈~~#
~≈≈≈)~# ~~~)♣~#
...)K†# ##.#### ...
..


You could see a kobold brigand.

Vanquished Creatures
  A kobold brigand (Sewer)
  A gnoll (D:1)
  3 adders
  2 worms (D:2)
  A dart slug (D:1)
  An orc (D:2)
  2 endoplasms (D:1)
  2 giant cockroaches
  7 goblins
  6 hobgoblins
  7 jackals
  A quokka (D:1)
  4 ball pythons
  7 bats
  4 frilled lizards
  7 kobolds
  10 rats
66 creatures vanquished.

Vanquished Creatures (others)
  7 plants (D:3)
  A withered plant (D:3)
8 creatures vanquished.

Grand Total: 74 creatures vanquished

Notes
Turn   | Place    | Note
-------+----------+-------------------------------------------
     0 | D:1      | cforsyth the Kobold Brigand began the quest for the Orb.
     0 | D:1      | Reached XP level 1. HP: 12/12 MP: 1/1
   195 | D:1      | Reached XP level 2. HP: 18/18 MP: 2/2
   339 | D:1      | Reached XP level 3. HP: 17/22 MP: 3/3
   433 | D:1      | Found a faded altar of an unknown god.
  1177 | D:2      | Reached XP level 4. HP: 27/27 MP: 4/4
  1255 | D:2      | Reached skill level 6 in Stealth
  1892 | D:3      | Found Soysor's Weapon Emporium.
  2022 | D:3      | Found a glowing drain.
  2038 | D:3      | Reached XP level 5. HP: 14/32 MP: 5/5
  2052 | Sewer    | Entered a sewer
  2183 | Sewer    | Noticed a kobold brigand
  2185 | Sewer    | Noticed a kobold brigand
  2189 | Sewer    | Gained mutation: You have hidden genetic potential. [potion
                  | of mutation]
  2189 | Sewer    | Gained mutation: You possess an exceptional clarity of
                  | mind. [potion of mutation]
  2189 | Sewer    | Gained mutation: Your movements are slightly less
                  | encumbered by armour. (ER -2) [potion of mutation]
  2228 | Sewer    | Killed a kobold brigand
  2231 | Sewer    | HP: 2/48 [kobold brigand/+0 short sword (6)]
  2237 | Sewer    | Slain by a kobold brigand

Illustrated notes

Levels and vault maps discovered:
D:1:      eino_arrival_cavern_b, layout_basic, ebering_ecumenical_altar_hall,
          hangedman_decor_riveting
D:2:      layout_basic
D:3:      layout_loops_cross, kiku_gazebo_garden_becter, serial_shops, shop,
          shop, shop_statue, shop_fountains, portal_sewer_entry_d,
          grunt_decor_resistance, amethyst_killhole, minmay_lizard_king,
          uniq_robin
Sewer:    sewer_kobolds

Skill      XL: |  1  2  3  4  5 |
---------------+----------------+-----
Short Blades   | 3 4 |  4.3
Dodging        | 2 3 |  3.2
Fighting       | 3 |  3.5
Stealth        | 6 |  6.5
Throwing       | |  2.1

Action                     |  1- 3 |  4- 6 || total
---------------------------+-------+-------++-------
  Melee: Dagger            |   118 |   130 ||   248
         Punch             |     1 |     1 ||     2
    Use: Scroll            |       |     4 ||     4
         Potion            |       |     7 ||     7
   Stab: Sleeping          |    12 |    14 ||    26
 Armour: Robe              |    18 |    13 ||    31
         Skin              |       |    73 ||    73
  Dodge: Dodged            |    86 |    56 ||   142

Table legend: (Time is in decaauts)
 A = Elapsed time spent in this place.
 B = Non-inter-level travel time spent in this place.
 C = Inter-level travel time spent in this place.
 D = Time resting spent in this place.
 E = Time spent auto-exploring this place.
 F = Levels seen in this place.
 G = Mean time per level.
                   A        B        C        D        E       F      G
               +--------+--------+--------+--------+--------+-----+--------+
         Total |   2213 |   2151 |     62 |    384 |   1286 |   4 |  553.2 |
       Dungeon |   2033 |   1971 |     62 |    337 |   1214 |   3 |  677.7 |
         Sewer |    180 |    180 |      0 |     47 |     71 |   1 |  180.0 |
               +--------+--------+--------+--------+--------+-----+--------+

Top non-repeatable levels by time:
     D:1: 1242 daAuts
     D:2: 607 daAuts
     D:3: 183 daAuts
   Sewer: 180 daAuts
